AoeStats
← kilon_lopez

Black Forest

509513376Analyzed
4v4 RM · 3d ago on Sep 27, 2026· 57m 5s· 8 players
Game mode
Random Map
Map size
Large (8 player)
Population
200
Speed
Normal
Resources
Standard
Victory
Conquest
Starting age
Dark Age
Ending age
Imperial Age
RankedLock teamsTeams togetherTeam positionsShared explorationLock speedFull tech treeHidden civsTurbo modeCheats
Victory
Defeat
🇹🇷 Saxons · Türkiye
903
+12
🇲🇽 Persians · Mexico
847
+14
🇸🇪 Celts · Sweden
812
+16
🇨🇴 Portuguese · Colombia
756
+18
🇧🇷 Huns · Brazil
855
-17
🇦🇷 Chinese · Argentina
840
-16
🇧🇴 Khmer · Bolivia
806
-15
🇧🇴 Teutons · Bolivia
728
-12
NILSENplay
1:50 Loom
14:05 Feudal Age
26:58 Castle Age
25:50 Double-Bit Axe
25:59 Gold Mining
28:03 Scale Barding Armor
28:27 Bow Saw
30:26 Wheelbarrow
30:32 Bloodlines
32:01 Chain Barding Armor
31:52 Forging
31:43 Scale Mail Armor
35:06 Iron Casting
34:46 Chain Mail Armor
36:01 Hand Cart
41:47 Imperial Age
43:10 Cavalier
45:52 Conscription
46:54 Stone Mining
49:46 Paladin
51:08 Fletching
51:18 Padded Archer Armor
53:11 Plate Barding Armor
53:18 Crenellations
54:05 Blast Furnace
53:36 Plate Mail Armor
52:45 Elite Skirmisher
54:35 Chemistry
53:57 Ballistics
54:38 Chemistry
caramelo -
0:32 Loom
13:30 Feudal Age
15:09 Double-Bit Axe
23:05 Castle Age
22:01 Gold Mining
21:58 Horse Collar
22:12 Gold Mining
24:04 Wheelbarrow
25:55 Gold Shaft Mining
28:17 Bloodlines
32:55 Heavy Plow
36:25 Imperial Age
34:35 Scale Barding Armor
35:37 Hand Cart
37:58 Town Watch
39:23 Bow Saw
40:31 Forging
40:42 Chain Barding Armor
40:30 Fletching
40:40 Padded Archer Armor
Wolf-Salomon
0:28 Loom
11:39 Feudal Age
13:11 Wheelbarrow
12:50 Double-Bit Axe
14:33 Fishing Lines
15:49 Horse Collar
19:22 Castle Age
19:23 Stone Mining
19:41 Gold Mining
20:19 Hand Cart
21:01 Bow Saw
23:52 Gillnets
31:16 Imperial Age
29:03 Town Watch
29:23 Gold Mining
29:45 Heavy Plow
30:38 Stone Shaft Mining
30:06 Town Patrol
30:39 Fletching
31:53 Coinage
32:23 Gold Shaft Mining
33:31 Two-Man Saw
33:36 Conscription
34:38 Caravan
35:13 Bodkin Arrow
37:21 Banking
36:35 Heavy Rocket Cart
37:19 Bracer
37:21 Padded Archer Armor
37:13 Elite Fire Lancer
38:45 Forging
40:20 Ballistics
41:00 Chemistry
40:15 Masonry
41:06 Chemistry
40:25 Leather Archer Armor
40:46 Iron Casting
40:13 Scale Mail Armor
42:47 Ring Archer Armor
42:19 Scale Mail Armor
42:56 Architecture
46:52 Rocketry
46:59 Rocketry
47:35 Fortified Wall
51:23 Blast Furnace
50:39 Chain Mail Armor
51:09 Great Wall
52:33 Man-at-Arms
53:40 Scale Barding Armor
54:23 Husbandry
54:33 Bloodlines
54:32 Cavalier
56:04 Chain Barding Armor
ntnVARITO
0:29 Loom
9:54 Feudal Age
10:53 Double-Bit Axe
17:15 Castle Age
15:42 Horse Collar
18:00 Light Cavalry
18:54 Bloodlines
20:45 Heavy Plow
23:40 Scale Mail Armor
23:40 Padded Archer Armor
25:53 Stone Mining
25:53 Gold Mining
26:54 Wheelbarrow
28:04 Bow Saw
28:16 Hand Cart
30:21 Chain Mail Armor
30:22 Leather Archer Armor
30:12 Scale Barding Armor
30:34 Husbandry
36:28 Imperial Age
35:21 Stone Shaft Mining
35:22 Gold Shaft Mining
37:40 Hussar
38:27 Elite Skirmisher
39:17 Fletching
39:37 Forging
39:58 Ring Archer Armor
39:48 Chain Barding Armor
40:15 Tusk Swords
44:19 Chemistry
43:38 Elite Ballista Elephant
44:40 Onager
49:39 Iron Casting
48:59 Bodkin Arrow
53:08 Blast Furnace
52:09 Bracer
52:30 Town Watch
56:25 Plate Barding Armor
kilon_lopez
9:22 Loom
11:53 Feudal Age
15:53 Castle Age
20:06 Double-Bit Axe
20:36 Horse Collar
25:00 Wheelbarrow
25:42 Town Watch
28:48 Imperial Age
29:08 Hand Cart
28:55 Town Patrol
29:33 Bow Saw
30:04 Gold Mining
30:04 Stone Mining
30:21 Scale Barding Armor
30:26 Forging
30:17 Scale Mail Armor
30:12 Fletching
30:22 Padded Archer Armor
31:41 Two-Man Saw
31:24 Citadels
31:49 Kamandaran
32:10 Conscription
32:49 Heavy Plow
33:27 Iron Casting
33:07 Chain Mail Armor
33:13 Chain Barding Armor
34:08 Gold Shaft Mining
34:08 Stone Shaft Mining
34:46 Bloodlines
34:37 Husbandry
33:57 Cavalier
35:16 Caravan
34:42 Heavy Camel Rider
37:47 Savar
39:58 Light Cavalry
41:50 Plate Barding Armor
42:15 Blast Furnace
41:16 Hussar
43:57 Plate Mail Armor
44:14 Crossbowman
44:59 Thumb Ring
45:20 Bodkin Arrow
45:41 Leather Archer Armor
47:02 Crop Rotation
48:52 Ring Archer Armor
54:17 Chemistry
53:38 Ballistics
L3GAL
0:29 Loom
1:59 Loom
2:32 Loom
2:58 Loom
3:18 Loom
3:30 Loom
4:25 Loom
4:37 Loom
5:01 Loom
5:24 Loom
5:28 Loom
6:18 Loom
7:09 Loom
9:02 Loom
11:22 Feudal Age
13:19 Double-Bit Axe
14:49 Horse Collar
19:46 Castle Age
19:53 Fishing Lines
23:51 Fervor
23:50 Gillnets
25:37 Wheelbarrow
26:59 Sanctity
27:36 Hand Cart
27:24 Herbal Medicine
28:51 Stone Mining
29:29 Gold Mining
30:35 Heavy Plow
30:48 Bow Saw
33:12 Imperial Age
31:07 Ballistics
30:59 Forging
30:50 Scale Mail Armor
32:19 Stone Shaft Mining
31:28 Treadmill Crane
31:44 Murder Holes
32:40 Pikeman
33:43 Caravan
34:13 Coinage
34:01 Chain Mail Armor
34:22 Iron Casting
33:30 Halberdier
36:54 Two-Man Saw
36:27 Crop Rotation
38:52 Arson
40:43 Chemistry
39:48 Siege Engineers
40:16 Plate Mail Armor
40:47 Blast Furnace
41:17 Padded Archer Armor
41:08 Fletching
41:39 Arquebus
41:00 Elite Organ Gun
43:34 Town Watch
44:04 Masonry
44:55 Circumnavigation
44:26 Sappers
45:16 Conscription
50:57 Leather Archer Armor
50:37 Bodkin Arrow
Goodbye old friend =)
0:59 Loom
12:18 Feudal Age
16:31 Horse Collar
18:16 Town Watch
22:22 Castle Age
21:00 Double-Bit Axe
22:28 Gold Mining
22:34 Stone Mining
23:30 Bow Saw
25:26 Wheelbarrow
28:12 Fletching
30:42 Hand Cart
30:30 Caravan
30:56 Fishing Lines
32:17 Fortified Wall
31:49 Treadmill Crane
32:05 Murder Holes
32:31 Ballistics
32:27 Heavy Plow
32:53 Town Patrol
37:17 Imperial Age
35:25 Forging
35:15 Scale Mail Armor
35:13 Bodkin Arrow
35:14 Arson
36:00 Squires
35:45 Gambesons
36:50 Pikeman
37:25 Elite Varangian Guard
38:31 Conscription
39:10 Crop Rotation
40:06 Iron Casting
39:46 Chain Mail Armor
39:09 Halberdier
43:27 Plate Mail Armor
44:59 Bracer
46:11 Two-Man Saw
46:11 Shield Wall
47:52 Guilds
48:14 Coinage
50:20 Padded Archer Armor
50:26 Scale Barding Armor
50:40 Siege Engineers
51:36 Chemistry
50:21 Arrowslits
50:48 Masonry
51:33 Hoardings
50:32 Sappers
54:26 Chain Barding Armor
54:22 Leather Archer Armor
53:47 Elite Hearth Troop
53:54 Clerical Recruitment
55:26 Banking
Wirsh
0:58 Loom
12:46 Feudal Age
13:14 Double-Bit Axe
19:40 Castle Age
22:29 Caravan
22:38 Gold Mining
23:41 Wheelbarrow
23:04 Stone Mining
28:53 Hand Cart
31:12 Fortified Wall
31:41 Bow Saw
32:46 Pikeman
36:43 Imperial Age
37:59 Scale Mail Armor
38:10 Forging
37:37 Halberdier
40:22 Ballistics
39:40 Onager
42:08 Furor Celtica
45:26 Chain Mail Armor
45:47 Iron Casting
48:35 Arson
51:31 Plate Mail Armor
52:07 Blast Furnace
53:27 Town Watch
54:23 Gold Shaft Mining
53:29 Horse Collar
54:48 Onager
Connection lost

Rejoining the realm…

Still unreachable

The connection could not be restored.

Session expired

The server has moved on; the page needs a fresh start.